 Dungeon Crawl Stone Soup version 0.30-a0-845-g7c6808c8ce (webtiles) character file.

Game seed: 3497648611183963542

713 demibob the Insei (level 7, -5/46 HPs)
             Began as a Demonspawn Wanderer on Mar 2, 2023.
             Was a Follower of Sif Muna.
             Slain by Edmund
             ... wielding a +5 flail of holy wrath
              (12 damage)
             ... on level 4 of the Dungeon.
             The game lasted 00:08:20 (4222 turns).

demibob the Insei (Demonspawn Wanderer)             Turns: 4222, Time: 00:08:21

Health: -5/46      AC:  6    Str: 11    XL:     7   Next: 41%
Magic:  8/8        EV:  8    Int: 14    God:    Sif Muna [*.....]
Gold:   202        SH:  7    Dex: 13    Spells: 7/8 levels left

rFire   . . .      SeeInvis .      - Unarmed
rCold   . . .      Faith    .    d - +2 buckler
rNeg    . . .      Spirit   .    b - +0 scale mail
rPois   .          Reflect  .    (helmet unavailable)
rElec   .          Rampage  .    (no cloak)
rCorr   .                        (no gloves)
Will    .....                    (no boots) Stlth
                                 (no amulet)
HPRegen 0.27/turn                (no ring)
MPRegen 0.11/turn                (no ring)

@: no status effects
A: horns 3, weak 1
a: Renounce Religion, Channel Magic


You were on level 4 of the Dungeon.
You worshipped Sif Muna.
Sif Muna was aware of your devotion.
You visited 1 branch of the dungeon, and saw 4 of its levels.

You collected 202 gold pieces.


Innate Abilities, Weirdness & Mutations

You have a pair of large horns on your head.
You are weak. (Str -2)


   Skills:
 - Level 3.6 Armour
 - Level 1.0 Dodging
 - Level 4.8 Shields
 + Level 6.1 Unarmed Combat
 - Level 1.0 Spellcasting
 - Level 1.1 Necromancy


You had 7 spell levels left.
You knew the following spells:

 Your Spells              Type           Power      Damage    Failure   Level
X - Necrotise             Necr           12%        1d4       75%         1

Your spell library contained the following spells:

 Spells                   Type           Power      Damage    Failure   Level
 Vampiric Draining        Necr           3%         2d6       98%         3
 Call Canine Familiar     Summ           0%         N/A       99%         3
 Dazzling Flash           Conj/Hex       0%         N/A       99%         3
 Ozocubu's Armour         Ice            0%         N/A       99%         3
 Portal Projectile        Hex/Tloc       0%         N/A       99%         3
 Iskenderun's Mystic Bla  Conj/Tloc      0%         2d3       100%        4
 Leda's Liquefaction      Hex/Erth       0%         N/A       100%        4
 Starburst                Conj/Fire      0%         6d3       100%        6
 Ozocubu's Refrigeration  Ice            0%         4d7       100%        7

Inventory:

Hand Weapons
 a - a +0 club of chaos
Armour
 b - a +0 scale mail (worn)
 d - a +2 buckler (worn)
Jewellery
 M - a ring of magical power
Wands
 f - a wand of light (2)
Scrolls
 c - a scroll of blinking
 l - a scroll of brand weapon
Potions
 e - a potion of mutation
 g - a potion of ambrosia {unknown}
 h - a potion of berserk rage {unknown}
 i - 3 potions of brilliance
 j - a potion of degeneration {unknown}

Dungeon Overview and Level Annotations

Branches:
Dungeon (4/15)
 Temple: D:4-7

Altars:
Sif Muna

Shops:
D:1 (   D:3 :

Portals:
Abyss: D:3

Annotations:
D:3 2 transporters, bande's ghost, weakling GrFi
D:4 Edmund

#)###.#.#.#..#.##.........
#.......#......##.........y
#.###...<......#...........
#.# ##.......###...........
#.# #.##.##.###....##....#
#.####.##.##........##..
#.......................
♣#♣.♣.♣###..............
#.....# #.##.##@.####.
♣.♣.♣.♣###.##.##@.......
#........>....##..####.#
♣.♣.♣.♣##########.# #.....#
.. ♣#♣#♣#♣ ###


You could see Edmund (blind).


Message History

You convulse.
You completely miss Edmund.
Edmund is moderately wounded.
You block Edmund's attack.
You punch Edmund!
Edmund is moderately wounded.
You block Edmund's attack.
You hit Edmund.
Edmund is heavily wounded.
Edmund hits you with a +5 flail of holy wrath!
* * * LOW HITPOINT WARNING * * *
You convulse!
* * * LOW HITPOINT WARNING * * *
You are too injured to fight recklessly!
You are too injured to fight recklessly!
Aiming: Bolt of Light
Press: ? - help, Shift-Dir - straight line, f/p - Edmund
Aim: Edmund, wielding a +5 flail of holy wrath and wearing a +0 ring mail (heavily wounded, blind, 75% to hit)
The bolt of light hits Edmund!
Edmund is severely wounded.
Edmund closely misses you.
Aiming: Bolt of Light
Press: ? - help, Shift-Dir - straight line, f/p - Edmund
Aim: Edmund, wielding a +5 flail of holy wrath and wearing a +0 ring mail (severely wounded, blind, 75% to hit)
The bolt of light hits Edmund!
Edmund is almost dead.
Edmund hits you with a +5 flail of holy wrath!
* * * LOW HITPOINT WARNING * * *
You convulse!
You die...

Skill      XL: |  1  2  3  4  5  6  7 |
---------------+----------------------+-----
Shields        | 3 4 |  4.8
Unarmed Combat | 1 2 3 5 6 |  6.1
Armour         | |  3.6
Dodging        | |  1.0
Spellcasting   | |  1.0
Necromancy     | |  1.1

Action                     |  1- 3 |  4- 6 |  7- 9 || total
---------------------------+-------+-------+-------++-------
  Melee: Club              |    67 |       |       ||    67
         Headbutt          |    17 |    35 |     1 ||    53
         Unarmed           |    61 |   234 |    14 ||   309
  Evoke: Wand              |       |     2 |     9 ||    11
    Use: Scroll            |     2 |     6 |       ||     8
         Potion            |       |     8 |       ||     8
   Stab: Invisible         |       |       |     2 ||     2
 Armour: Scale mail        |    40 |    73 |     3 ||   116
         Skin              |       |     5 |       ||     5
  Dodge: Dodged            |    37 |    59 |     9 ||   105
  Block: Buckler           |    36 |    73 |     9 ||   118

Levels and vault maps discovered:
D:1:      saegor_arrival_fortress, layout_loops_corners, serial_shops,
          nicolae_shop_bloodbath_and_beyond, minmay_misc_feat_roman
D:2:      layout_loops_corners
D:3:      layout_rooms, mainiacjoe_overflow_alcove_2,
          nicolae_overflow_crystal_walls, serial_shops, nicolae_shop_waterfront,
          gammafunk_ghost_abyssal_escape, minmay_cupped, uniq_grinder
D:4:      layout_basic, trog_hazing_becter, nicolae_tso_swordbearing_angel,
          serial_forest, infiniplex_forest_clump_tiny,
          infiniplex_forest_clump_double, infiniplex_forest_lined_room_2,
          infiniplex_forest_lined_ring, infiniplex_forest_lined_3_way,
          infiniplex_forest_lined_corner, infiniplex_forest_clump_C,
          infiniplex_forest_clump_curved, infiniplex_forest_clump_small,
          infiniplex_forest_clump_tiny, chequers_serial_rivers_micro_b,
          uniq_edmund

Notes
Turn   | Place    | Note
-------+----------+-------------------------------------------
     0 | D:1      | demibob the Demonspawn Wanderer began the quest for the
                  | Orb.
     0 | D:1      | demibob set off with the following items: a +0 club, a +0
                  | scale mail, a scroll of blinking, a +2 buckler; and the
                  | following spell memorised: Necrotise; and the following
                  | spells available to memorise: Vampiric Draining.
     0 | D:1      | Reached XP level 1. HP: 13/13 MP: 2/2
   109 | D:1      | HP: 1/13 [endoplasm (3)]
   273 | D:1      | Reached skill level 3 in Shields
   313 | D:1      | Found Puoj's Weapon Shop.
   323 | D:1      | Reached skill level 1 in Unarmed Combat
   323 | D:1      | Gained mutation: You have a pair of small horns on your
                  | head. [demonic ancestry]
   323 | D:1      | Reached XP level 2. HP: 19/19 MP: 3/3
   894 | D:1      | Gained mutation: You have a pair of horns on your head.
                  | [demonic ancestry]
   894 | D:1      | Reached XP level 3. HP: 24/24 MP: 4/4
  1176 | D:2      | Reached skill level 2 in Unarmed Combat
  1792 | D:2      | Reached XP level 4. HP: 27/30 MP: 5/5
  2381 | D:3      | Found Utefru's Book Emporium.
  2414 | D:3      | Found a transporter.
  2479 | D:3      | Noticed Grinder
  2515 | D:3      | Paralysed by Grinder for 3 turns
  2529 | D:3      | Paralysed by Grinder for 5 turns
  2544 | D:3      | Killed Grinder
  2545 | D:3      | Reached skill level 4 in Shields
  2545 | D:3      | Reached skill level 3 in Unarmed Combat
  2545 | D:3      | Reached XP level 5. HP: 20/35 MP: 6/6
  2545 | D:3      | Reached XP level 6. HP: 23/41 MP: 7/7
  2657 | D:3      | Reached skill level 4 in Unarmed Combat
  2923 | D:3      | Found a one-way gate to the infinite horrors of the Abyss.
  2923 | D:3      | Noticed bande's ghost (weakling GrFi)
  2945 | D:3      | Found a transporter.
  3041 | D:3      | Found a shimmering blue altar of Sif Muna.
  3088 | D:3      | Became a worshipper of Sif Muna the Loreminder
  3305 | D:4      | HP: 2/41 [gnoll/+0 spear (3)]
  3476 | D:3      | Gained mutation: You are weak. (Str -2) [potion of
                  | mutation]
  3476 | D:3      | Gained mutation: You have a pair of large horns on your
                  | head. [potion of mutation]
  3840 | D:4      | Reached skill level 5 in Unarmed Combat
  3841 | D:4      | Reached XP level 7. HP: 33/46 MP: 8/8
  4020 | D:4      | Reached skill level 6 in Unarmed Combat
  4020 | D:4      | Reached * piety under Sif Muna
  4212 | D:4      | Noticed Edmund
  4222 | D:4      | Slain by Edmund

Vanquished Creatures
  Grinder (D:3)
  A scorpion (D:4)
  5 killer bees (D:4)
  2 orc priests (D:4)
  An orc wizard (D:3)
  A gnoll (D:1)
  6 adders
  2 worms (D:4)
  4 dart slugs
  4 orcs
  2 bats
  5 endoplasms
  3 giant cockroaches
  7 hobgoblins
  5 jackals
  6 quokkas
  6 ball pythons
  4 frilled lizards
  6 goblins
  6 kobolds
  5 rats
82 creatures vanquished.

Vanquished Creatures (others)
  10 plants (D:4)
10 creatures vanquished.

Grand Total: 92 creatures vanquished

Table legend: (Time is in decaauts)
 A = Elapsed time spent in this place.
 B = Non-inter-level travel time spent in this place.
 C = Inter-level travel time spent in this place.
 D = Time resting spent in this place.
 E = Time spent auto-exploring this place.
 F = Levels seen in this place.
 G = Mean time per level.
                   A        B        C        D        E       F      G
               +--------+--------+--------+--------+--------+-----+--------+
         Total |   4224 |   4088 |    136 |    573 |   2753 |   4 | 1056.0 |
       Dungeon |   4224 |   4088 |    136 |    573 |   2753 |   4 | 1056.0 |
               +--------+--------+--------+--------+--------+-----+--------+

Top non-repeatable levels by time:
     D:1: 1166 daAuts
     D:2: 1096 daAuts
     D:3: 1016 daAuts
     D:4: 944 daAuts

Table legend:
 A = Non-vault XP
 B = Vault XP
 C = Vault XP percentage of total XP
 D = Non-vault monster count
 E = Vault monster count
 F = Vault count percentage of total count
                 A         B        C        D         E       F
            +---------+---------+-------+---------+---------+-------
      Total |     732 |     287 |  28.2 |      77 |       5 |   6.1
            +---------+---------+-------+---------+---------+-------
        D:1 |      43 |       0 |   0.0 |      20 |       0 |   0.0
        D:2 |      65 |       0 |   0.0 |      19 |       0 |   0.0
        D:3 |      81 |     287 |  78.0 |      12 |       5 |  29.4
        D:4 |     543 |       0 |   0.0 |      26 |       0 |   0.0
            +---------+---------+-------+---------+---------+-------
